 Dungeon Crawl Stone Soup version 0.25-a0-317-g5f8687b (webtiles) character file.

Game seed: 8955362252202911581, levelgen mode: deterministic

71 Birdy the Covered (level 4, -1/28 HPs)
             Began as a Tengu Monk on Dec 25, 2019.
             Slain by a hobgoblin
             ... wielding a +0 club
             ... led by Robin
              (9 damage)
             ... on level 2 of the Dungeon.
             The game lasted 00:02:33 (963 turns).

Birdy the Covered (Tengu Monk)                       Turns: 963, Time: 00:02:33

Health: -1/28      AC:  3    Str: 16    XL:     4   Next: 24%
Magic:  5/5        EV: 13    Int: 11    God:
Gold:   91         SH:  0    Dex: 17    Spells: 3/3 levels left

rFire    . . .     SeeInvis .   a - +1 falchion
rCold    . . .     Gourm    .   (no shield)
rNeg     . . .     Faith    .   i - +0 leather armour
rPois    .         Spirit   .   (helmet restricted)
rElec    .         Reflect  .   (no cloak)
rCorr    .         Harm     .   (no gloves)
MR       .....                  (boots unavailable)
Stlth    ++........             (no amulet)
HPRegen  0.09/turn              (no ring)
MPRegen  0.09/turn              (no ring)

@: mighty, hasted, very quick
A: beak, talons 3
a: no special abilities


You were on level 2 of the Dungeon.
You were not hungry.

You visited 1 branch of the dungeon, and saw 2 of its levels.

You collected 91 gold pieces.

Inventory:

Hand Weapons
 a - a +1 falchion (weapon)
Armour
 i - a +0 leather armour (worn)
Wands
 g - a wand of random effects (19)
Scrolls
 b - a scroll of identify
 e - 2 scrolls of remove curse
 f - a scroll of immolation {unknown}
Potions
 d - a potion of might
Comestibles
 c - 3 rations


   Skills:
 + Level 3.0 Fighting
 * Level 3.3 Long Blades
 - Level 4.0 Armour
 * Level 3.3 Dodging
 - Level 2.0 Stealth


You had 3 spell levels left.
You didn't know any spells.
Your spell library was empty.

Dungeon Overview and Level Annotations

Branches:
Dungeon (2/15)

Altars:


Innate Abilities, Weirdness & Mutations

You have a beak for a mouth.
You have claws for feet.


Message History

Reactivating autopickup.
You feel a bit more experienced.
You barely miss the hobgoblin. You peck the hobgoblin.
You kill the hobgoblin!
You barely miss the goblin. You slash the goblin!
You kill the goblin!
You hit the goblin.
You kill the goblin!
Items here: )))) [[ †††† Butcher a goblin corpse? [(y)es/(n)o/(a)ll/(q)uit/?]
Okay, then.
Okay, then.
You start resting.
The hobgoblin is too close now for your liking.
You are too injured to fight recklessly!
Things that are here:
a +0 club; a hobgoblin corpse The hobgoblin hits you with a +0 club!
You die...

#.# . #.#
.##.# ..#.#
#.#.# #.#)#
... #.#)#
....##.#)#
....'...@#
....##.g.###
. ..#.....#
....##.#.#
..>.....#[#
.#
.....##.#.#
.# ####
#...#..#
##..##.#
#..#..#


You could see a hobgoblin.

Vanquished Creatures
  Jessica (D:2)
  Robin (D:2)
  A worm (D:2)
  9 hobgoblins
  3 jackals (D:2)
  2 bats (D:1)
  2 frilled lizards (D:1)
  7 goblins
  3 kobolds
29 creatures vanquished.

Notes
Turn   | Place    | Note
-------+----------+-------------------------------------------
     0 | D:1      | Birdy the Tengu Monk began the quest for the Orb.
     0 | D:1      | Reached XP level 1. HP: 14/14 MP: 2/2
   187 | D:1      | Reached skill level 1 in Armour
   292 | D:1      | Reached XP level 2. HP: 19/19 MP: 3/3
   533 | D:1      | Reached skill level 2 in Armour
   848 | D:2      | Noticed Jessica
   855 | D:2      | Killed Jessica
   855 | D:2      | Reached skill level 3 in Armour
   855 | D:2      | Reached XP level 3. HP: 21/23 MP: 4/4
   937 | D:2      | Noticed Robin
   950 | D:2      | Killed Robin
   950 | D:2      | Reached skill level 4 in Armour
   950 | D:2      | Reached XP level 4. HP: 7/28 MP: 5/5
   963 | D:2      | Slain by a hobgoblin

Levels and vault maps discovered:
D:1:      wander_arrival_fairy_ring, layout_basic, serial_curves,
          eino_curves_01, eino_curves_03, eino_curves_01, eino_curves_04
D:2:      layout_basic, fedhas_altar_2, nicolae_ru_great_annihilating_truth,
          uniq_robin, uniq_jessica

Skill      XL: |  1  2  3 |
---------------+----------+-----
Armour         | 1 3 4 |  4.0
Fighting       | |  3.0
Long Blades    | |  3.3
Dodging        | |  3.3
Stealth        | |  2.0

Action                   |  1- 3 |  4- 6 || total
-------------------------+-------+-------++-------
Melee: Falchion          |    34 |     5 ||    39
       Kick              |    10 |       ||    10
       Peck              |     4 |     1 ||     5
Evoke: Wand              |     1 |     3 ||     4
  Use: Scroll            |     6 |       ||     6
       Potion            |     3 |       ||     3
 Stab: Sleeping          |     5 |       ||     5
Armor: Robe              |     2 |       ||     2
       Leather armour    |     3 |       ||     3
Dodge: Dodged            |    17 |       ||    17
       Rpst.: Falchion   |     6 |       ||     6

Table legend:
 A = Non-vault XP
 B = Vault XP
 C = Vault XP percentage of total XP
 D = Non-vault monster count
 E = Vault monster count
 F = Vault count percentage of total count
                 A         B        C        D         E       F
            +---------+---------+-------+---------+---------+-------
      Total |      30 |      72 |  70.6 |      17 |      12 |  41.4
            +---------+---------+-------+---------+---------+-------
        D:1 |      15 |       0 |   0.0 |      11 |       0 |   0.0
        D:2 |      15 |      72 |  82.8 |       6 |      12 |  66.7
            +---------+---------+-------+---------+---------+-------
